 Dungeon Crawl Stone Soup version 0.28-a0-691-gad6df49e81 (webtiles) character file.

Game seed: 9026823217231950220

826 KoroneIsBestGirl the Chiller (level 7, -1/46 HPs)
             Began as a Barachi Ice Elementalist on Oct 21, 2021.
             Was an Initiate of Gozag.
             Succumbed to an orc wizard's poison
             ... on level 5 of the Dungeon.
             The game lasted 00:08:06 (6884 turns).

KoroneIsBestGirl the Chiller (BaIE)                 Turns: 6884, Time: 00:08:07

Health: -1/46      AC:  2    Str: 10      XL:     7   Next: 96%
Magic:  3/15       EV: 13    Int: 16 (17) God:    Gozag
Gold:   154        SH:  0    Dex: 11 (12) Spells: 9/16 levels left

rFire   . . .      SeeInvis .   f - +2 dagger (vamp)
rCold   . . .      Faith    .   (no shield)
rNeg    . . .      Spirit   .   a - +0 robe
rPois   .          Reflect  .   (no helmet)
rElec   .          Harm     .   (no cloak)
rCorr   .          Rampage  .   (no gloves)
Will    .....                   (no boots)
Stlth   ++........              (no amulet)
HPRegen 0.15/turn               (no ring)
MPRegen 0.14/turn               (no ring)

@: lethally poisoned (-1 -> -10), unable to hop, slow
A: amphibious, slowness 1, strong legs 1, +LOS
a: Hop, Renounce Religion, Potion Petition, Call Merchant, Bribe Branch


You were on level 5 of the Dungeon.
You worshipped Gozag.
Gozag was aware of your devotion.
You visited 2 branches of the dungeon, and saw 6 of its levels.

You collected 190 gold pieces.
You paid 36 gold pieces to Gozag.

Inventory:

Hand Weapons
 f - a +2 vampiric dagger (weapon)
Armour
 a - a +0 robe (worn)
Jewellery
 o - a ring of fire
Wands
 l - a wand of acid (13)
Scrolls
 b - a scroll of acquirement {unknown}
 g - 2 scrolls of noise {unknown}
 h - 2 scrolls of teleportation {unknown}
 i - 3 scrolls of identify {unknown}
 k - a scroll of enchant armour {unknown}
 m - a scroll of fear {unknown}
 n - a scroll of fog {unknown}


   Skills:
 + Level 5.8 Dodging
 - Level 1.7 Stealth
 + Level 5.4 Spellcasting
 + Level 7.7 Ice Magic


You had 9 spell levels left.
You knew the following spells:

 Your Spells              Type           Power      Damage    Failure   Level
a - Freeze                Ice            100%       1d11      1%          1
b - Frozen Ramparts       Ice            58%        1d7       1%          3
c - Ozocubu's Armour      Ice            29%        N/A       1%          3

Your spell library contained the following spells:

 Spells                   Type           Power      Damage    Failure   Level
 Hailstorm                Conj/Ice       16%        3d6       30%         4


Dungeon Overview and Level Annotations

Branches:
Dungeon (5/15)             Temple (1/1) D:4

Altars:
Ashenzari
Cheibriados
Fedhas
Gozag
Hepliaklqana
Kikubaaqudgha
Makhleb
Nemelex Xobeh
Okawaru
Qazlal
Trog
Xom
The Shining One


Innate Abilities, Weirdness & Mutations

You are amphibious.
You cover ground slowly.
You can hop short distances.
You have an extended range of vision and can be seen from far away.


Message History

You feel sick. Something hits you.
You are more poisoned.
You hit the orc.
The orc is heavily wounded.
You feel very sick. Something hits you but does no damage.
The orc barely misses you. The orc closely misses you.
You closely miss the orc.
The orc is heavily wounded.
You feel sick. Something hits you but does no damage.
You are lethally poisoned!
The orc misses you. The orc hits you but does no damage.
You feel yourself speed up.
* * * LOW HITPOINT WARNING * * *
You feel very sick. Something hits you.
* * * LOW HITPOINT WARNING * * *
You are more poisoned.
The orc completely misses you. The orc hits you but does no damage.
Your icy armour will break if you move.
Continue?
Your icy armour cracks and falls away as you move.
* * * LOW HITPOINT WARNING * * *
You feel very sick. The orc hits you with a +0 dagger.
* * * LOW HITPOINT WARNING * * *
It was a potion of curing.
You feel better. Something hits you.
* * * LOW HITPOINT WARNING * * *
You are lethally poisoned!
It was a potion of invisibility.
You fade into invisibility!
* * * LOW HITPOINT WARNING * * *
You feel sick. The orc closely misses you.
You are very lightly contaminated with residual magic.
It was a potion of cancellation.
Your magical effects are unravelling.
You feel magically purged.
Your magical contamination has completely faded away.
You feel yourself slow down.
You flicker back into view.
You die...
Your body crumbles into a pile of gold.

#$#.#.. #$#.#.
#$#..###
#####.#....
#.....#..#
#.#####..#
#........# ####
##..####.##.....
#...o.@......#
###..o....#..#
#.........# .#
#............#$
#.........####
...............
##########.######
#.# #.#


You could see 2 orcs.

Vanquished Creatures
  A sky beast (D:5)
  2 black bears (D:4)
  An ogre (D:5)
  2 scorpions
  A bullfrog zombie (D:5)
  An orc priest (D:5)
  2 iguanas (D:4)
  3 orc wizards
  A hound skeleton (D:5)
  4 gnolls (D:3)
  3 adders
  An adder zombie (D:3)
  2 worms
  2 dart slugs (D:3)
  5 orcs
  9 bats
  6 endoplasms
  7 giant cockroaches
  11 goblins
  6 hobgoblins
  4 jackals (D:3)
  6 quokkas
  4 ball pythons
  4 frilled lizards
  4 kobolds
  3 rats
95 creatures vanquished.

Vanquished Creatures (others)
  A fungus (D:3)
  5 plants (D:3)
6 creatures vanquished.

Grand Total: 101 creatures vanquished

Notes
Turn   | Place    | Note
-------+----------+-------------------------------------------
     0 | D:1      | KoroneIsBestGirl the Barachi Ice Elementalist began the
                  | quest for the Orb.
     0 | D:1      | Reached XP level 1. HP: 13/13 MP: 3/3
   261 | D:1      | Reached skill level 5 in Ice Magic
   261 | D:1      | Reached XP level 2. HP: 19/19 MP: 0/5
   897 | D:1      | Reached XP level 3. HP: 19/24 MP: 0/7
  1545 | D:2      | Learned a level 3 spell: Frozen Ramparts
  1993 | D:2      | Reached XP level 4. HP: 25/30 MP: 4/8
  2889 | D:3      | Reached XP level 5. HP: 25/35 MP: 3/10
  3304 | D:3      | Reached skill level 6 in Ice Magic
  3663 | D:3      | Reached XP level 6. HP: 41/41 MP: 6/11
  3747 | D:3      | Found a faded altar of an unknown god.
  4132 | D:4      | Noticed a black bear
  4142 | D:4      | Killed a black bear
  4403 | D:4      | Found a staircase to the Ecumenical Temple.
  4413 | Temple   | Entered the Ecumenical Temple
  4546 | Temple   | Became a worshipper of Gozag Ym Sagoz the Greedy
  4829 | D:4      | Noticed an ice beast
  4836 | D:4      | Learned a level 3 spell: Ozocubu's Armour
  6297 | D:4      | Reached XP level 7. HP: 8/46 MP: 4/13
  6478 | D:4      | Reached skill level 5 in Dodging
  6478 | D:4      | Reached skill level 7 in Ice Magic
  6560 | D:4      | You fall into a shaft and drop 1 floor!
  6560 | D:5      | Entered Level 5 of the Dungeon
  6743 | D:5      | Reached skill level 5 in Spellcasting
  6881 | D:5      | HP: 1/46 [orc (3)]
  6884 | D:5      | Succumbed to an orc wizard's poison

Illustrated notes

Levels and vault maps discovered:
D:1:      amcnicky_arrival_blooded_trapdoor, layout_loops_corners,
          minmay_misc_feat_cross
D:2:      layout_loops_ring, kennysheep_generic_room_9
D:3:      layout_loops_ring, shapermc_ecumenical_altar_mp_ritualfount
D:4:      layout_basic, minmay_temple_entry_nine_rooms, st_stairs_8,
          uniq_menkaure, uniq_pikel, uniq_grinder
D:5:      layout_basic, nicolae_overflow_crystal_walls, gammafunk_ghost_arena,
          hangedman_abyss_or_decor_stagger, nicolae_elemental_shop, uniq_sigmund
Temple:   nicolae_temple_elliptical

Skill      XL: |  1  2  3  4  5  6  7 |
---------------+----------------------+-----
Ice Magic      | 5 6 7 |  7.7
Dodging        | 3 4 5 |  5.8
Spellcasting   | 3 4 5 |  5.4
Stealth        | |  1.7

Action                   |  1- 3 |  4- 6 |  7- 9 || total
-------------------------+-------+-------+-------++-------
Melee: Unarmed           |     5 |       |       ||     5
       Dagger            |    10 |    90 |    43 ||   143
 Cast: Freeze            |    53 |    34 |     9 ||    96
       Frozen Ramparts   |       |    12 |     4 ||    16
       Ozocubu's Armour  |       |     2 |     5 ||     7
 Abil: Hop               |       |     1 |     1 ||     2
  Use: Potion            |       |     2 |     4 ||     6
 Stab: Sleeping          |     1 |     4 |       ||     5
Armor: Robe              |    19 |    22 |    12 ||    53
Dodge: Dodged            |    45 |    81 |    38 ||   164

Table legend: (Time is in decaauts)
 A = Elapsed time spent in this place.
 B = Non-inter-level travel time spent in this place.
 C = Inter-level travel time spent in this place.
 D = Time resting spent in this place.
 E = Time spent auto-exploring this place.
 F = Levels seen in this place.
 G = Mean time per level.
                   A        B        C        D        E       F      G
               +--------+--------+--------+--------+--------+-----+--------+
         Total |   7366 |   7116 |    250 |   1781 |   4500 |   6 | 1227.7 |
       Dungeon |   7200 |   6971 |    229 |   1781 |   4378 |   5 | 1440.0 |
        Temple |    165 |    144 |     21 |      0 |    122 |   1 |  165.0 |
               +--------+--------+--------+--------+--------+-----+--------+

Top non-repeatable levels by time:
     D:3: 2613 daAuts
     D:1: 1706 daAuts
     D:2: 1554 daAuts
     D:4: 996 daAuts
     D:5: 329 daAuts
  Temple: 165 daAuts
